Description

Widowmine drop to slow down protoss and into bio with liberators to support

VOD

https://www.youtube.com/watch?v=gYrY76NYx4M

Build Order

Get SALT Encoding   

  13  0:00   SCV  
  14  0:13   SCV  
  14  0:17   Supply Depot  
  15  0:25   SCV  
  16  0:38   SCV  
  16  0:40   Barracks  
  16  0:45   Refinery  
  17  0:51   SCV  
  17  0:52  Scout natural and main for gas, no second pylon or double gate then defend Action  
  18  1:03   SCV  
  18  1:08  3 scv to gas Action  
  19  1:15   SCV  
  20  1:28   Reaper, Orbital Command  
  20  1:45   Command Center  
  20  1:56   SCV  
  21  1:57  Wall off main Supply Depot  
  21  2:00   Marine  
  22  2:01  Scout with Reaper for tech advance, if twilight or stargate build turrets Action  
  22  2:08   SCV  
  23  2:12   Factory  
  23  2:20   SCV  
  24  2:23   Barracks Reactor  
  24  2:25  If mass gates were scouted then high ground if anything else low ground Bunker  
  24  2:29   Refinery  
  24  2:32   SCV  
  25  2:44   SCV  
  26  2:56   SCV  
  27  2:57  Marine in Bunker Action  
  27  2:58   Starport  
  27  3:00   Orbital Command  
  27  3:02   Marine x2  
  29  3:05   Widow Mine  
  31  3:09   SCV  
  32  3:20   Marine x2  
  34  3:21   SCV  
  35  3:25   Supply Depot  
  35  3:37   SCV  
  36  3:30   Widow Mine  
  38  3:32   SCV  
  38  3:35   Medivac  
  41  3:38   Marine x2  
  43  3:40   SCV  
  44  3:45   SCV  
  45  3:48   Supply Depot  
  45  3:51   Widow Mine, SCV  
  48  3:56   Marine x2  
  50  3:58   SCV  
  51  4:03   SCV  
  51  4:07   Viking  
  53  4:09   Starport Tech Lab, SCV  
  53  4:15   Barracks x2  
  53  4:16   SCV  
  54  4:18   Supply Depot  
  54  4:19   Marine x2  
  56  4:20   Factory Tech Lab  
  56  4:22   SCV  
  57  4:26   Refinery  
  57  4:28   SCV  
  58  4:32   Supply Depot  
  58  4:34   Raven  
  60  4:38   Marine x2  
  62  4:42   Siege Tank, SCV x2  
  67  4:45  start walling off Action  
  67  4:48   Supply Depot  
  67  4:51   SCV x2  
  69  4:55   Engineering Bay  
  69  4:57   Marine x2  
  71  5:03   SCV x2  
  73  5:08   Marine x2  
  75  5:15   SCV  
  78  5:16   Siege Tank  
  78  5:18   Supply Depot  
  78  5:19  Swap tech lab of starport with one barracks Action  
  77  5:20  From here continuous marine and scv production cbf to type more Action  
  82  5:26   Stimpack  
  82  5:27   Starport Reactor, Barracks Tech Lab  
  83  5:28   Supply Depot  
  83  5:33   Terran Infantry Weapons Level 1  
  84  5:37   Refinery  
  87  5:46   Combat Shield  
  87  5:50  Stop scv production and lift factory Action  
  87  6:00   Command Center  
  87  6:02  start marauder production Action  
  97  6:21   Barracks x2, Factory Reactor  
  109  6:50  Push with 2 medivacs, raven and siege tanks Action  
  115  6:54   Medivac x2  
  117  7:04   Engineering Bay, Armory  
  117  7:05  resume scv production Action  
  126  7:13   Orbital Command  
  125  7:20   Once army is close to third or natural, send widow mines to main to drop if still alive Action  
  126  7:32   Concussive Shells, Terran Infantry Armor Level 1  
  119  7:50  load up 2 medivac and either attack with army or drop at natural or main Action  
  124  8:07  1 at each base and 2 in main Missile Turret x5  
  120  8:15   Terran Infantry Armor Level 2  
  120  8:17   Refinery x2  
  120  8:18   Terran Ship Armor Level 1  
    8:47   Starport  
  1  8:59   Fusion Core  
  1  9:05   Command Center  
  1  9:10  start producing liberators Action  
  1  9:51   Drilling Claws  
  1  10:21  Also reactored liberator production Terran Ship Weapons Level 2  
  1  11:00   Barracks x3  
  1  11:10   Starport  
  1  11:11  Oh ye dont forget infantry weapon and armour upgrades like i did Action  
  1  12:00  Once you have 4-6 liberators gather all army and go to nearest protoss base Action  
Spawning Tool Build Advisor. Get it on Overwolf

Go to:

Details

  • Created by: PGABlack
  • Published on: Jan 08, 2021
  • Modified on: Jan 08, 2021
  • Patch: 4.11.0
  • Difficulty: Hard
Show
View Real Time Build Order
Export as new Build Order

Comments (0)

There are no comments. Be the first!

Create an account to comment!